 Dungeon Crawl Stone Soup version 0.31.0-12-g77e489cdc1 (webtiles) character file.

Game seed: 15017122387602877477

1 RancidPinata the Sneak (level 1, 0/16 HPs)
             Began as an Octopode Delver on Feb 14, 2024.
             Slain by an orc
             ... wielding a +1 flail of draining
              (3 damage)
             ... on level 4 of the Dungeon.
             The game lasted 00:04:00 (512 turns).

RancidPinata the Sneak (Octopode Delver)             Turns: 512, Time: 00:04:00

Health: 0/16       AC:  1    Str: 11    XL:     1   Next: 20%
Magic:  1/1        EV: 13    Int: 12    God:
Gold:   16         SH:  0    Dex: 13    Spells: 0/0 levels left

rFire   . . .        a - +0 short sword
rCold   . . .        (no shield)
rNeg    . . .        (helmet restricted)
rPois   +            (no amulet)
rElec   .            d - ring of poison resistance
rCorr   .            (no ring)
SInv    .            (no ring)
Will    .....        (no ring)
Stlth   ++++         (no ring)
HPRegen 0.22/turn    (no ring)
MPRegen 0.07/turn    (no ring)
                     (no ring)

%: no passive effects
@: no status effects
A: almost no armour, amphibious, 8 rings, camouflage 1, gelatinous body 1,
(nimble swimmer 1), tentacles
a: no special abilities


You were on level 4 of the Dungeon.
You visited 1 branch of the dungeon, and saw 4 of its levels.

You collected 16 gold pieces.

Inventory:

Hand Weapons
 a - a +0 short sword (weapon)
Missiles
 h - 5 atropa-tipped darts (quivered)
 j - 4 stones
Jewellery
 d - a ring of poison resistance (left tentacle)
Wands
 f - a wand of digging (3)
Scrolls
 b - a scroll of fog
 c - a scroll of revelation
 l - a scroll of identify {unknown}
 m - a scroll of amnesia {unknown}
 n - 2 scrolls of teleportation {unknown}
Potions
 e - a potion of haste
 g - a potion of attraction {unknown}
 i - a potion of invisibility {unknown}
 k - a potion of enlightenment {unknown}


   Skills:
 * Level 3.0 Fighting
 + Level 2.0 Short Blades
 * Level 2.0 Dodging
 * Level 6.6 Stealth


You couldn't memorise any spells.
You didn't know any spells.
Your spell library was empty.

Dungeon Overview and Level Annotations

Branches:
Dungeon (7/15)
 Temple: D:4-7

Altars:
Fedhas
Okawaru
Zin

Shops:
D:4 *   D:6 [[

Annotations:
D:4 Dowan; Duvessa; Ijyb
D:6 2 transporters, brilapsti's ghost, novice TrFi


Innate Abilities, Weirdness & Mutations

You cannot wear most types of armour.
You are amphibious.
You can wear up to eight rings at the same time.
Your skin changes colour to match your surroundings (Stealth+).
Your rubbery body absorbs attacks. (AC +1, EV +1)
((You are camouflaged when in or above water. (Stealth+)))
You have tentacles for arms and can constrict up to eight enemies at once.


Message History

There is a stone staircase leading up here.
You see here a ring of poison resistance.
d - a ring of poison resistance The iguana hisses angrily.
There is a stone staircase leading up here.
You climb upwards.
You hear the sound of rushing water.
There is an entrance to a sewer on this level.
Hurry and find it before the portal rusts away!
Level annotation: Ijyb
There is a stone staircase leading down here.
d - a ring of poison resistance (left tentacle)
An iguana comes into view.
A hobgoblin comes into view.
Found 4 gold pieces.
You hear the slow rusting of a very distant drain.
Found 11 gold pieces.
Ijyb shouts!
Ijyb zaps a wand.
The roots erupt in riotous growth!
The grasping roots grab you! The grasping roots constrict you.
You open the door. The grasping roots constrict you!
Ouch! That really hurt!
* * * LOW HITPOINT WARNING * * *
You escape the roots grasp.
There is an open door here.
You close the door.
You open the door.
Ijyb opens the door.
There is an open door here.
Ijyb zaps a wand.
The roots erupt in riotous growth!
The grasping roots grab you! The grasping roots constrict you.
* * * LOW HITPOINT WARNING * * *
You hear a shout! x2
You close the door.
The roots lose their grip on you.
An orc opens the door.
Dowan and an orc wizard come into view.
The orc wizard moves out of view.
An orc comes into view. It is wielding a +0 mace.
Duvessa, Sister of Dowan comes into view.
She is wielding a +0 short sword.
The orc hits you with a +1 flail of draining.
You die...

#......g........
#...##+#........
#...##.###......
#..g.....#...$..
#........#......
#........+......
#........# .....
#...o....#
#..@####'# #...#
.# #.... eo
#..... e #.....#
#.....# #.....#
#######


You could see Ijyb and an orc.

Vanquished Creatures
  A quokka (D:4)
1 creature vanquished.

Notes
Turn   | Place    | Note
-------+----------+-------------------------------------------
     0 | D:5      | RancidPinata the Octopode Delver began the quest for the
                  | Orb.
     0 | D:5      | Reached XP level 1. HP: 16/16 MP: 1/1
     3 | D:5      | Noticed a water moccasin
    38 | D:6      | Noticed an ogre
    66 | D:6      | Noticed a scorpion
    67 | D:6      | Noticed an orc warrior
   106 | D:7      | Noticed a hound
   143 | D:6      | Found a transporter.
   146 | D:6      | Noticed brilapsti's ghost (novice TrFi)
   146 | D:6      | Noticed an ice beast
   147 | D:6      | Found a transporter.
   180 | D:6      | Found a blossoming altar of Fedhas.
   232 | D:6      | Found Siog Oro's Armour Boutique.
   263 | D:6      | Found an iron altar of Okawaru.
   263 | D:6      | Found a glowing silver altar of Zin.
   276 | D:6      | Found Iricejoh's Antique Armour Emporium.
   276 | D:6      | Noticed a water moccasin
   320 | D:7      | Noticed a wight
   356 | D:6      | Noticed a scorpion
   378 | D:5      | Noticed a jelly
   405 | D:4      | Noticed a black bear
   425 | D:4      | Found Nouhoguo's Elemental Accessories.
   439 | D:4      | Noticed Ijyb
   447 | D:5      | Noticed an iguana
   465 | D:4      | Noticed an iguana
   507 | D:4      | Noticed Dowan
   507 | D:4      | Noticed an orc wizard
   508 | D:4      | Noticed Duvessa
   512 | D:4      | Slain by an orc

Illustrated notes

Levels and vault maps discovered:
D:4:      layout_gridville, kennysheep_mini_moat,
          mainiacjoe_sewer_entry_somewhere_in_here_1, chequers_garden,
          roderic_malta_cross, nicolae_elemental_shop, uniq_duvessa, uniq_ijyb,
          uniq_crazy_yiuf_cottage
D:5:      kennysheep_kobold_camp, layout_cave_pools, minmay_misc_feat_enclosed
D:6:      minmay_chambers_of_fours, layout_cave_pods, old_standard_altar,
          kennysheep_little_box, gammafunk_temple_overflow_statue,
          gammafunk_ghost_arena, serial_shops, shop,
          nicolae_shop_rolling_square, moated_statue, kennysheep_cluttered_room,
          nicolae_lava_and_water, uniq_grinder
D:7:      layout_basic, minmay_temple_entry_proselytizer,
          ebering_ghost_inner_flame, hangedman_decor_diamond_cutter,
          dreamdust_gnoll_farm, uniq_maggie, uniq_menkaure

Action                     || total
---------------------------++-------
  Melee: Short sword       ||     4
         Constrict         ||     2
         Tentacles         ||     1
    Use: Scroll            ||     1
 Armour: Skin              ||     5
  Dodge: Dodged            ||     5
